[Event "*** SCC Grand Prix: Titled Tuesday Blitz"]
[Site "Chess.com"]
[Date "2020.09.08"]
[Round "1"]
[White "diablanni"]
[Black "Leonid_Starozhilov"]
[Result "1/2-1/2"]
[WhiteElo "2365"]
[BlackElo "2687"]
[TimeControl "180+1"]
[EndTime "10:07:25 PDT"]
[Termination "Game drawn by repetition"]

1. e4 d6 2. d4 Nf6 3. Nc3 Nbd7 4. Nf3 e5 5. Bc4 Be7 6. O-O O-O 7. a4 a5 8. Re1 c6 9. h3 Nb6 10. Ba2 Nfd7 11. Be3 exd4 12. Nxd4 Nc5 13. Qh5 Bf6 14. Nf3 g6 15. Qh6 Bg7 16. Qf4 Ncxa4 17. Nxa4 Nxa4 18. Rad1 Nxb2 19. Rxd6 Qe7 20. e5 b5 21. Bd4 Nc4 22.
Bxc4 bxc4 23. Ng5 Bf5 24. Re2 Rfd8 25. g4 Rxd6 26. exd6 Qxe2 27. Bxg7 Kxg7 28. gxf5 Qd1+ 29. Kh2 Rd8 30. f6+ Kg8 31. Ne4 Qd5 32. Qh6 Qe5+ 33. Kg2 Qxe4+ 34. Kg1 Qe1+ 35. Kg2 Qe4+ 36. Kg1 Qe1+ 37.
Kg2 Qe4+ 1/2-1/2

[Event "*** SCC Grand Prix: Titled Tuesday Blitz"]
[Site "Chess.com"]
[Date "2020.09.08"]
[Round "1"]
[White "Caterpiller35"]
[Black "OparinGrigoriy"]
[Result "0-1"]
[WhiteElo "2460"]
[BlackElo "2953"]
[TimeControl "180+1"]
[EndTime "10:07:26 PDT"]
[Termination "OparinGrigoriy won by resignation"]

1. d4 Nf6 2. Bg5 g6 3. Bxf6 exf6 4. e3 f5 5. c4 Bg7 6. Nc3 O-O 7. Nge2 d6 8. g3 Nd7 9. Bg2 Nf6 10. Qd3 c6 11.
b4 Re8 12. Rb1 d5 13. cxd5 cxd5 14. Nf4 Be6 15. Qb5 Rc8 16. Ncxd5 Nxd5 17. Nxd5 b6 18. O-O a6 19. Qxa6 Bxd5 20. Bxd5 Qxd5 21. Qxb6 Qxa2 22.
Rbc1 Rb8 23. Qc6 Qe6 24. b5 Rec8 25. Qxe6 fxe6 26. Rxc8+ Rxc8 27. Rb1 Rb8 28. b6 Kf8 29. b7 Ke7 30. Rb6 Kd7 31. Kf1 Bf8 32. f4 Bd6 33.
Ke2 Kc7 34. Rb2 Rxb7 35. Rc2+ Kd7 36. Kf3 Ba3 37. h3 Rb2 38. Rc3 Bb4 39. Rc4 Be1 40.
g4 Rf2+ 0-1

[Event "*** SCC Grand Prix: Titled Tuesday Blitz"]
[Site "Chess.com"]
[Date "2020.09.08"]
[Round "1"]
[White "1stSecond"]
[Black "Chessbard1972"]
[Result "1-0"]
[WhiteElo "2800"]
[BlackElo "2404"]
[TimeControl "180+1"]
[EndTime "10:07:26 PDT"]
[Termination "1stSecond won on time"]

1. d4 d5 2. c4 e6 3. Nc3 c5 4. cxd5 exd5 5. Nf3 Nc6 6. g3 Nf6 7. Bg2 Be7 8. O-O O-O 9. dxc5 Bxc5 10. Bg5 d4 11.
Bxf6 Qxf6 12. Ne4 Qe7 13. Nxc5 Qxc5 14. Rc1 Qb6 15. Qd2 Be6 16. a3 a5 17. Ng5 Bb3 18.
Qd3 g6 19. Bxc6 bxc6 20. Ne4 Rad8 21. Nc5 Bd5 22. b3 Rfe8 23. Rfd1 f5 24. Qxd4 Bxb3 25. Nd7 Qxd4 26. Rxd4 Kg7 27. e3 Bd5 28. Nc5 Bf7 29.
Rcd1 Rxd4 30. Rxd4 Bd5 31. Ra4 Rb8 32. Kf1 Bf3 33. Ke1 Rb2 34. Nd3 Re2+ 35. Kf1 Rd2 36. Ne1 1-0

[Event "*** SCC Grand Prix: Titled Tuesday Blitz"]
[Site "Chess.com"]
[Date "2020.09.08"]
[Round "1"]
[White "mapleaff"]
[Black "abhidabhi"]
[Result "0-1"]
[WhiteElo "2374"]
[BlackElo "2724"]
[TimeControl "180+1"]
[EndTime "10:07:26 PDT"]
[Termination "abhidabhi won on time"]

1. d4 Nf6 2. c4 c5 3. d5 e5 4. Nc3 d6 5. e4 g6 6. g3 Bg7 7. Bg2 h5 8. h4 Na6 9. Bh3 Bg4 10.
Qa4+ Kf8 11. Bg5 Qc8 12. f3 Bxh3 13. Nxh3 Nc7 14. Nb5 Qd7 15. Nc3 Qxa4 16. Nxa4 b5 17. cxb5 Nxb5 18. Kf2 Nd4 19. b3 Nd7 20. Nb2 f6 21. Be3 Ke7 22. Nc4 Bh6 23. f4 Rhf8 24. Kg2 Bg7 25. Rac1 a5 26. Rhf1 a4 27. Bxd4 exd4 28.
f5 axb3 29. axb3 Ne5 30. Nf4 Bh6 31. Nxe5 fxe5 32. Nxg6+ Kf6 33. Rb1 Rfb8 34. Rfc1 Bxc1 35. Rxc1 Rxb3 36. g4 hxg4 37. Rf1 Ra2+ 38. Kg1 Rbb2 0-1

[Event "*** SCC Grand Prix: Titled Tuesday Blitz"]
[Site "Chess.com"]
[Date "2020.09.08"]
[Round "1"]
[White "AlexandraBotez"]
[Black "2nd_life"]
[Result "1-0"]
[WhiteElo "2223"]
[BlackElo "2528"]
[TimeControl "180+1"]
[EndTime "10:07:27 PDT"]
[Termination "AlexandraBotez won on time"]

1. d4 Nf6 2. c4 e6 3. Nf3 b6 4. g3 Ba6 5. b3 b5 6. c5 Bb7 7. Bg2 d6 8. cxd6 cxd6 9. O-O Be7 10. Nc3 a6 11. Re1 Nbd7 12. e4 b4 13. Na4 Nxe4 14. Bb2 d5 15. Nd2 Nxd2 16. Qxd2 O-O 17. Rac1 Qa5 18. h4 Rac8 19. Qf4 Rxc1 20. Rxc1 Rc8 21. Kh2 h6 22. Bf1 Rxc1 23. Qxc1 Bd6 24. Bd3 Qc7 25.
Qd2 a5 26. Kg2 Bc6 27. Bb1 Bxa4 28. bxa4 Nb6 29. Qd3 f5 30. Qb5 Kf7 31. Qxa5 Nc4 32. Qxc7+ Bxc7 33. Bc1 Bb6 34. Be3 g5 35. hxg5 hxg5 36.
Kf3 g4+ 37. Ke2 Ke7 38. Bd3 Kd7 39. Bc2 Kc6 40. Bb3 Kb7 41. Kd3 Nd6 42. Bd2 Ne4 43.
Be1 Ka6 44. Ke3 Bd8 45. Bxb4 Bg5+ 46. Ke2 Bc1 47. Bc2 Bb2 48. Bd3+ Kb6 49. a5+ Ka7 50.
Bc5+ Nxc5 51. dxc5 Be5 52. Bb5 f4 53. gxf4 Bxf4 54.
a4 g3 55. Kf3 gxf2 56. Kxf4 1-0

[Event "*** SCC Grand Prix: Titled Tuesday Blitz"]
[Site "Chess.com"]
[Date "2020.09.08"]
[Round "1"]
[White "aa175"]
[Black "crescentmoon2411"]
[Result "0-1"]
[WhiteElo "2397"]
[BlackElo "2761"]
[TimeControl "180+1"]
[EndTime "10:07:29 PDT"]
[Termination "crescentmoon2411 won on time"]

1. d4 Nf6 2. Nf3 c5 3. c3 g6 4. Bf4 Bg7 5. e3 O-O 6. Nbd2 d6 7. Be2 cxd4 8. exd4 Nc6 9. h3 Re8 10. O-O e5 11. dxe5 dxe5 12. Bg3 e4 13. Nh2 Be6 14. Ng4 Nh5 15. Bh2 f5 16. Ne3 Nf6 17. Bc4 Qe7 18. Bxe6+ Qxe6 19. Qb3 Qxb3 20. axb3 Rad8 21. Ndc4 Bf8 22.
b4 a6 23. Rfd1 Kf7 24. Bc7 Rxd1+ 25. Rxd1 Ke6 26. Bd6 Bxd6 27. Nxd6 Re7 28. g4 f4 29. Ng2 g5 30. Nf5 Rd7 31. Rxd7 Nxd7 32. h4 Nde5 33. hxg5 Nxg4 34. Ng7+ Ke5 35. Nh5 f3 36. Ne3 Nxe3 37.
fxe3 Kf5 38. Nf6 Ne5 39. Nxh7 Ng4 40. c4 Nxe3 41. c5 Ng4 42. Nf6 Nxf6 43. gxf6 Kxf6 44. Kf2 Ke6 45. Ke3 Kd5 46. b3 Ke5 47. Kf2 Kf4 48.
b5 axb5 0-1

[Event "*** SCC Grand Prix: Titled Tuesday Blitz"]
[Site "Chess.com"]
[Date "2020.09.08"]
[Round "1"]
[White "mmaks007"]
[Black "suyu28"]
[Result "0-1"]
[WhiteElo "2229"]
[BlackElo "2565"]
[TimeControl "180+1"]
[EndTime "10:07:30 PDT"]
[Termination "suyu28 won by resignation"]

1. e4 c6 2. d4 g6 3. Nc3 Bg7 4. Nf3 d6 5. Be2 Nf6 6. O-O O-O 7. Re1 b5 8. Bf1 Bb7 9. e5 Ne8 10. Bg5 dxe5 11. dxe5 Qc7 12. a3 Na6 13. Qd4 f6 14.
exf6 Nxf6 15. Qh4 Rae8 16. Bh6 Bc8 17. Ng5 e5 18. a4 b4 19. Bc4+ Kh8 20. Nce4 Nh5 21.
Bxg7+ Kxg7 22. f3 Rf4 23. Qf2 h6 24. Rad1 hxg5 25. Nd6 Re7 26. Nxc8 Qxc8 27. g3 Rf8 28. Rd6 Rd8 29. Red1 Rxd6 30. Rxd6 Nb8 31. Qd2 Qc7 32. Qd3 Nf6 33. Rd8 Nbd7 34. Qd1 0-1

[Event "*** SCC Grand Prix: Titled Tuesday Blitz"]
[Site "Chess.com"]
[Date "2020.09.08"]
[Round "1"]
[White "amatatanav"]
[Black "Alexander_Moskalenko"]
[Result "0-1"]
[WhiteElo "2405"]
[BlackElo "2801"]
[TimeControl "180+1"]
[EndTime "10:07:31 PDT"]
[Termination "Alexander_Moskalenko won on time"]

1. e4 e6 2. d4 d5 3. Nc3 Nf6 4.
Bg5 dxe4 5. Nxe4 Be7 6. Bxf6 gxf6 7. Nf3 a6 8. g3 f5 9. Nc3 c5 10. d5 Bf6 11. dxe6 Qxd1+ 12. Rxd1 fxe6 13. Bg2 b5 14. O-O Ra7 15. Rfe1 O-O 16. Ne5 Rc7 17. Rd6 Re8 18. Nd5 exd5 19. Rxf6 Bb7 20. Rxf5 d4 21. Nd3 Rxe1+ 22. Nxe1 Bxg2 23. Kxg2 Re7 24. Kf1 Nd7 25. Rd5 Kf7 26. Nd3 Ke6 27. Nf4+ Kf6 28. Rd6+ Kf5 29. Rxa6 Ne5 30. Nd3 Nxd3 31. cxd3 c4 32. Rc6 cxd3 33. Rc1 Re2 34. Rd1 Ke4 35. Re1 Kf3 36. Rd1 Rxf2+ 37. Kg1 d2 38. g4 Rg2+ 39. Kf1 Rxh2 40. Kg1 Rg2+ 41. Kf1 d3 42. g5 Rh2 43. Kg1 Re2 44. Kf1 Rh2 45. Kg1 Ke2 46. Kxh2 Kxd1 0-1

[Event "*** SCC Grand Prix: Titled Tuesday Blitz"]
[Site "Chess.com"]
[Date "2020.09.08"]
[Round "1"]
[White "winniethepooh04"]
[Black "Benjoneliere44"]
[Result "0-1"]
[WhiteElo "2198"]
[BlackElo "2542"]
[TimeControl "180+1"]
[EndTime "10:07:32 PDT"]
[Termination "Benjoneliere44 won on time"]

1. e4 c5 2. Nf3 d6 3. d4 cxd4 4. Nxd4 Nf6 5. Nc3 g6 6. Be3 Bg7 7. Bc4 O-O 8. Bb3 Nc6 9. O-O Bd7 10. f4 a5 11. a4 Nxd4 12. Bxd4 Bc6 13. Qd3 Nd7 14. Bxg7 Kxg7 15. Nd5 Bxd5 16. Bxd5 Kg8 17. f5 Qb6+ 18. Rf2 Ne5 19. Qh3 Kg7 20. Rf1 Rac8 21. Kh1 f6 22. fxg6 hxg6 23. Qe6 Qc7 24. g4 g5 25. h4 Qd7 26. Qxd7 Nxd7 27. hxg5 fxg5 28. Be6 Rxf2 29. Rxf2 Rf8 30. Rxf8 Nxf8 31. Bd5 b6 32. Kg2 Kf6 33. Kf3 Ke5 34. Ke3 Ng6 35. Bf7 Nf4 36. c3 e6 37. Be8 d5 38. Bh5 Ng2+ 39. Kf3 Nf4 40. Ke3 dxe4 0-1

[Event "*** SCC Grand Prix: Titled Tuesday Blitz"]
[Site "Chess.com"]
[Date "2020.09.08"]
[Round "1"]
[White "KiranManisha"]
[Black "TheMagnet"]
[Result "0-1"]
[WhiteElo "2249"]
[BlackElo "2577"]
[TimeControl "180+1"]
[EndTime "10:07:33 PDT"]
[Termination "TheMagnet won by checkmate"]

1. e4 c5 2. Nf3 g6 3. d4 cxd4 4. Nxd4 Bg7 5. Nc3 Nc6 6. Nb3 Nf6 7. Be2 O-O 8. O-O d6 9. Re1 Be6 10. Bf1 Rc8 11. Bg5 a6 12. a4 Ne5 13. Nd5 Bxd5 14.
exd5 Nc4 15. Rb1 b5 16. axb5 axb5 17. c3 Re8 18. g3 Qb6 19. Bh3 Rc7 20. Bg2 h6 21.
Bf4 b4 22. Nd4 Nh5 23. Be3 Nxe3 24. Rxe3 Nf6 25. Nc6 e5 26. c4 Nd7 27. b3 Nc5 28.
Ra1 e4 29. Ra5 Rxc6 30. Rb5 Qxb5 31. cxb5 Rb6 32. Bf1 f5 33. Bc4 Ra8 34. Kg2 Ra1 35. Qe2 Bd4 36. h4 Kg7 37. Qd2 Be5 38. Re1 Ra3 39.
Qc2 Rb8 40. f3 Rba8 41. Re2 exf3+ 42. Kxf3 Na4 43. Rxe5 dxe5 44. Qe2 e4+ 45. Kf4 Nc3 46.
Qe3 Ra1 47. Qd4+ Kh7 48. Qf6 Rf1+ 49. Bxf1 Nxd5+ 50. Ke5 Nxf6 51. Kxf6 Rb8 52. Ke5 Kg7 53. Kd6 Kf6 54. Kc7 Rh8 55. b6 g5 56. b7 f4 57.
hxg5+ hxg5 58. gxf4 gxf4 59. Bh3 e3 60. Bg4 Rh7+ 61. Kc6 Rxb7 62. Kxb7 Ke5 63. Kc6 Kd4 64. Kb5 Kc3 65. Ka4 Kd2 66. Kxb4 e2 67. Bxe2 Kxe2 68. Kc5 f3 69. b4 f2 70. b5 f1=Q 71. b6 Qf3 72.
Kd6 Qb7 73. Kc5 Kd3 74. Kb5 Kd4 75. Ka5 Kc4 76. Ka4 Qa6# 0-1

[Event "*** SCC Grand Prix: Titled Tuesday Blitz"]
[Site "Chess.com"]
[Date "2020.09.08"]
[Round "1"]
[White "Sanyura"]
[Black "gumimis"]
[Result "1-0"]
[WhiteElo "2543"]
[BlackElo "2200"]
[TimeControl "180+1"]
[EndTime "10:07:33 PDT"]
[Termination "Sanyura won by checkmate"]

1. d4 Nf6 2. Nf3 g6 3. c4 Bg7 4. Nc3 O-O 5. e4 d6 6. Be2 Na6 7. O-O e5 8. Bg5 Qe8 9. dxe5 dxe5 10. Qd2 c6 11. Rad1 Bg4 12. h3 Bxf3 13. Bxf3 Rd8 14. Qe3 Qe7 15. Qxa7 Nc5 16. Qa3 h6 17. Be3 b6 18. Na4 Ra8 19. Bxc5 bxc5 20. Qxc5 Qb7 21. b3 Nd7 22. Qe7 Rfd8 23. Nc5 Qb4 24. Rxd7 Rxd7 25.
Qxd7 Qxc5 26. Rd1 Rxa2 27. Qe8+ Kh7 28. Qxf7 Qxf2+ 29. Kh2 Rd2 30. Ra1 Ra2 31. Rxa2 Qxa2 32. b4 Qb3 33. Bg4 Qxb4 34. Bd7 c5 35. Be6 h5 36.
Qe8 Qc3 37. Bf7 Kh6 38. Qe6 Kh7 39. Qxg6+ Kh8 40. Qxh5+ Bh6 41. Qxh6# 1-0

[Event "*** SCC Grand Prix: Titled Tuesday Blitz"]
[Site "Chess.com"]
[Date "2020.09.08"]
[Round "1"]
[White "lucachess49"]
[Black "LPSupi"]
[Result "0-1"]
[WhiteElo "2432"]
[BlackElo "2865"]
[TimeControl "180+1"]
[EndTime "10:07:34 PDT"]
[Termination "LPSupi won by resignation"]

1. d4 Nf6 2. c4 e6 3. Nc3 Bb4 4. e3 O-O 5. Ne2 Re8 6. a3 Bf8 7. Ng3 d5 8. Be2 b6 9. cxd5 exd5 10. O-O c5 11. dxc5 bxc5 12. Nh5 Nxh5 13. Bxh5 Ba6 14. Qf3 g6 15. Nxd5 Bg7 16. Rd1 Nc6 17. Bg4 Ne5 18.
Qh3 Nd3 19. Nc3 c4 20. Be2 Rb8 21. Ra2 h5 22. a4 Bc8 23. Qg3 Be5 24. f4 Bg7 25.
Bxd3 cxd3 26. Bd2 Be6 27. Ra3 Rxb2 28. e4 Bg4 29. Raa1 Bxd1 30. Rxd1 Rxd2 31. Rxd2 Qd4+ 32. Kf1 Qxc3 33. Rxd3 Qc1+ 34. Kf2 Qc2+ 35. Kf1 Rxe4 36. f5 Qe2+ 37. Kg1 Qe1+ 38. Qxe1 Rxe1+ 39. Kf2 Ra1 40. fxg6 fxg6 41. Rd8+ Kh7 42. Rd6 Rxa4 43. g3 a5 44. Kf3 Ra2 45. h4 a4 46. Ra6 a3 47. Ra7 Ra1 48. g4 hxg4+ 49. Kxg4 a2 0-1

[Event "*** SCC Grand Prix: Titled Tuesday Blitz"]
[Site "Chess.com"]
[Date "2020.09.08"]
[Round "1"]
[White "MathiasWomacka"]
[Black "GM_Levan_Pantsulaia"]
[Result "0-1"]
[WhiteElo "2429"]
[BlackElo "2862"]
[TimeControl "180+1"]
[EndTime "10:07:34 PDT"]
[Termination "GM_Levan_Pantsulaia won on time"]

1. e4 c6 2. d4 d5 3. Nd2 dxe4 4. Nxe4 Bf5 5. Ng3 Bg6 6. h4 h6 7. Nf3 Nd7 8. h5 Bh7 9. Bd3 Bxd3 10. Qxd3 e6 11. Bd2 Qc7 12. O-O-O Bd6 13. Ne4 Bf4 14. Bxf4 Qxf4+ 15. Kb1 Ngf6 16. Nxf6+ gxf6 17. Qa3 a6 18. Rh4 Qc7 19. c4 Nb6 20. Qb3 O-O-O 21. Re4 Kb8 22.
g3 Nc8 23. Re2 Nd6 24. a3 Rhg8 25. Ka1 Rg4 26. Qe3 Nf5 27. Qc3 Rd7 28. Red2 Rg8 29. Qc2 Rgd8 30. Qe4 Nd6 31. Qc2 Re7 32. Qb3 f5 33. d5 Ne4 0-1

[Event "*** SCC Grand Prix: Titled Tuesday Blitz"]
[Site "Chess.com"]
[Date "2020.09.08"]
[Round "1"]
[White "Aborigen_came"]
[Black "zajka-molotok"]
[Result "1-0"]
[WhiteElo "2720"]
[BlackElo "2374"]
[TimeControl "180+1"]
[EndTime "10:07:34 PDT"]
[Termination "Aborigen_came won by resignation"]

1. Nc3 d5 2. e4 e6 3. g3 Nf6 4.
Bg2 d4 5. Nce2 c5 6. d3 Nc6 7.
f4 e5 8. Nf3 Bd6 9. O-O Bg4 10.
Nh4 Qc7 11. h3 Bxe2 12. Qxe2 Ne7 13. Bd2 h6 14. c4 Nd7 15. a3 a5 16. b3 f6 17. Qh5+ Kd8 18. Ng6 Nxg6 19. Qxg6 Nf8 20. Qh5 Qe7 21. b4 Kc7 22. bxa5 g6 23. Qd1 Ra6 24.
Rb1 Nd7 25. Rb5 g5 26. fxg5 hxg5 27. Qb3 Ra7 28. Rb1 Rb8 29. Bf3 Nf8 30. a4 Kd8 31. Bg4 Qc7 32. Rb6 Be7 33. a6 Nd7 34. Ba5 Ke8 35.
Rxb7 Rbxb7 36. axb7 Qb8 37. Qb5 Qd8 38. Bxd8 Bxd8 39. Qxd7+ 1-0

[Event "*** SCC Grand Prix: Titled Tuesday Blitz"]
[Site "Chess.com"]
[Date "2020.09.08"]
[Round "1"]
[White "garicradomir"]
[Black "Vuk2000"]
[Result "0-1"]
[WhiteElo "2373"]
[BlackElo "2719"]
[TimeControl "180+1"]
[EndTime "10:07:34 PDT"]
[Termination "Vuk2000 won on time"]

1. e4 e6 2. g3 d5 3. exd5 exd5 4. Nf3 Nf6 5. Bg2 Bd6 6. Qe2+ Be7 7. O-O O-O 8. d4 Re8 9. Nc3 Bf5 10. Bf4 c6 11.
Rfe1 Bb4 12. Ne5 Nbd7 13. a3 Bxc3 14. bxc3 Qa5 15. g4 Bxg4 16. Qd3 Bh5 17. Re3 Nxe5 18. dxe5 Bg6 19. Qd4 Nh5 20. Bg3 Bxc2 21. Rae1 Bg6 22. c4 dxc4 23. e6 fxe6 24. Qxc4 Nxg3 25. Rxe6 Rxe6 26. Rxe6 Bf7 27. hxg3 Bxe6 28. Qxe6+ Kh8 29. Be4 Qh5 30. Qe7 c5 31. Qxb7 Rd8 32. Kg2 c4 33. Qc7 Re8 34. Qxc4 Qg4 35. f3 Qd7 0-1

[Event "*** SCC Grand Prix: Titled Tuesday Blitz"]
[Site "Chess.com"]
[Date "2020.09.08"]
[Round "1"]
[White "grunbergmihai"]
[Black "penguingm1"]
[Result "0-1"]
[WhiteElo "2463"]
[BlackElo "2963"]
[TimeControl "180+1"]
[EndTime "10:07:35 PDT"]
[Termination "penguingm1 won on time"]

1. Nf3 d5 2. c4 e6 3. g3 Nf6 4.
Bg2 Be7 5. O-O O-O 6. d4 c6 7. Qc2 b6 8. b3 Nbd7 9. Bb2 Ba6 10. a4 Rc8 11. a5 b5 12. Nbd2 bxc4 13. bxc4 c5 14.
dxc5 Bxc5 15. e3 dxc4 16. Rfc1 Bb4 17. Bc3 Bxc3 18. Qxc3 Nd5 19. Qd4 c3 20. Ne4 Qc7 21. h4 Rfd8 22. Ra3 c2 23. Ne1 N7f6 24. Rxc2 Qe7 25. Rxc8 Rxc8 26. Nxf6+ Nxf6 27. Rc3 Rd8 28. Qa4 h6 29. Nf3 e5 30. Qc2 Qd6 31. Bh3 Qd1+ 32.
Qxd1 Rxd1+ 33. Kg2 Bb7 34. Rc7 Bd5 35. Rxa7 Ne4 36. Rd7 Nc3 37. a6 Ra1 38. a7 g6 39.
h5 gxh5 40. Bf5 Kg7 0-1

[Event "*** SCC Grand Prix: Titled Tuesday Blitz"]
[Site "Chess.com"]
[Date "2020.09.08"]
[Round "1"]
[White "RU_B9"]
[Black "killer311"]
[Result "0-1"]
[WhiteElo "1853"]
[BlackElo "2474"]
[TimeControl "180+1"]
[EndTime "10:07:35 PDT"]
[Termination "killer311 won on time"]

1. c4 c6 2. Nf3 d5 3. e3 Nf6 4. Nc3 e6 5. b3 Bd6 6. Bb2 O-O 7. d4 Nbd7 8. Be2 Qe7 9. O-O b6 10.
Qc2 Bb7 11. Rfe1 Rfe8 12. e4 dxe4 13. Nxe4 Nxe4 14. Qxe4 Nf6 15. Qh4 h6 16. Bd3 Ba3 17. Bc3 Bb4 18. Bxb4 Qxb4 19. Ne5 c5 20. dxc5 Qxc5 21.
Rad1 Rad8 22. Qg3 Rd4 23. Bc2 Red8 24. Rxd4 Qxd4 25. Nf3 Qc3 26. Qc7 Re8 27. Qxb7 Qxc2 28. Ne5 Rf8 29. Qxa7 Qc3 30. Nf3 Qb4 31. Qa4 Qe7 32. h3 Rd8 33. Qb5 Qc7 34. a4 Rd3 35. Ra1 Qd6 36. a5 bxa5 37. Qxa5 Rxb3 38. Ne5 Ne4 39.
Qa8+ Qf8 40. Qxf8+ Kxf8 41. Ra8+ Ke7 42. Ra7+ Kd6 43.
Nxf7+ Kc5 44. Ne5 Rb1+ 45. Kh2 Nxf2 46. Rxg7 Kd4 0-1

[Event "*** SCC Grand Prix: Titled Tuesday Blitz"]
[Site "Chess.com"]
[Date "2020.09.08"]
[Round "1"]
[White "Karacsonyi_Gellert"]
[Black "j_coca"]
[Result "1-0"]
[WhiteElo "2641"]
[BlackElo "2318"]
[TimeControl "180+1"]
[EndTime "10:07:36 PDT"]
[Termination "Karacsonyi_Gellert won by resignation"]

1. e4 Nf6 2. e5 Nd5 3. d4 d6 4. c4 Nb6 5. exd6 cxd6 6. Nc3 g6 7. Be3 Bg7 8. Rc1 O-O 9. b3 Nc6 10. d5 Nb4 11. Bd4 f6 12. Be2 Bf5 13. Nf3 Na6 14.
O-O Nd7 15. h3 Ne5 16. Qd2 b6 17. Ne1 Nc5 18. f4 Nf7 19. g4 Bd7 20. Nf3 e5 21. dxe6 Nxe6 22. Be3 Bc6 23. Nd4 Nxd4 24. Bxd4 Rc8 25. Bf3 Bxf3 26. Rxf3 Re8 27. Nd5 f5 28.
Bxg7 Kxg7 29. Qd4+ Kg8 30. Nf6+ Kf8 31. Nxh7+ Kg8 32.
Nf6+ Kf8 33. Nxe8 Kxe8 34. Re1+ Kd7 35. Qd5 Qf6 36. g5 Qg7 37. Rfe3 Nd8 38. Rd1 Rc6 39. b4 Qf8 40. Red3 Ne6 41. b5 Rc5 42. Qxd6+ Qxd6 43. Rxd6+ Ke7 44. Rd7+ Ke8 45. Rxa7 Nxf4 46. Re1+ Kf8 47. Ree7 Nxh3+ 48. Kh2 Nxg5 49. Rec7 Rxc7 50. Rxc7 Nf3+ 51. Kg3 Ne5 52. c5 bxc5 53. Rxc5 Nd7 54. Rc6 g5 55. b6 Ke7 56. b7 Ne5 57. Rc7+ Kd6 58. b8=Q f4+ 59.
Kg2 1-0

[Event "*** SCC Grand Prix: Titled Tuesday Blitz"]
[Site "Chess.com"]
[Date "2020.09.08"]
[Round "1"]
[White "Rud_Makarian"]
[Black "tteshan"]
[Result "1-0"]
[WhiteElo "2771"]
[BlackElo "2398"]
[TimeControl "180+1"]
[EndTime "10:07:37 PDT"]
[Termination "Rud_Makarian won by resignation"]

1. d4 Nf6 2. c4 e6 3. Nf3 c5 4. d5 exd5 5. cxd5 d6 6. Nc3 g6 7. e4 a6 8. a4 Bg4 9. Be2 Bxf3 10.
Bxf3 Bg7 11. O-O O-O 12. Be2 Re8 13. f3 Nbd7 14. Rb1 Rc8 15. Bd2 c4 16. b4 cxb3 17.
Rxb3 Nc5 18. Rb1 Nh5 19. Qe1 Bd4+ 20. Kh1 Ng7 21. Bd1 f5 22. Bc2 Qf6 23. Ne2 Be5 24. f4 Bd4 25. e5 dxe5 26. Nxd4 exd4 27. Qd1 Re7 28. Bb4 Qd6 29. Qxd4 b6 30. Rfe1 Rce8 31. Rxe7 Rxe7 32. a5 Rc7 33. axb6 Qxb6 34. d6 Rc6 35. Bxc5 Qxc5 36. Rb8+ Kf7 37. Bb3+ Ne6 38. Rf8+ Kxf8 39. Qf6+ 1-0

[Event "*** SCC Grand Prix: Titled Tuesday Blitz"]
[Site "Chess.com"]
[Date "2020.09.08"]
[Round "1"]
[White "GukeshDommaraju"]
[Black "Chessdreamer2020"]
[Result "1-0"]
[WhiteElo "2750"]
[BlackElo "2392"]
[TimeControl "180+1"]
[EndTime "10:07:37 PDT"]
[Termination "GukeshDommaraju won on time"]

1. e4 d6 2. d4 Nf6 3. Nc3 e5 4. Nf3 Nbd7 5. Bc4 Be7 6. O-O O-O 7.
a4 a5 8. h3 c6 9. Re1 Nb6 10. Bb3 exd4 11. Nxd4 d5 12. e5 Nfd7 13. Nf5 Nc5 14. Nxe7+ Qxe7 15. Be3 Bf5 16. Ra3 Nbd7 17.
Ba2 Qh4 18. Ne2 Ne6 19. Ng3 Bg6 20. Bd2 Rfe8 21. Kh2 Nd4 22. Bg5 Qxg5 23. Qxd4 Nxe5 24. Rae3 f6 25. c3 Nd7 26. c4 Rxe3 27. Rxe3 Bf7 28. f4 c5 29. Qd2 Qh4 30. Re7 Nb6 31. cxd5 Rd8 32. Rxb7 Nxa4 33. Qxa5 Re8 34. Qxa4 g5 35. Qd7 Rf8 36. d6 gxf4 37. Bxf7+ Kh8 38. Nf5 Qg5 39. Be6 1-0

[Event "*** SCC Grand Prix: Titled Tuesday Blitz"]
[Site "Chess.com"]
[Date "2020.09.08"]
[Round "1"]
[White "Grieve72"]
[Black "Annawel"]
[Result "0-1"]
[WhiteElo "2459"]
[BlackElo "2947"]
[TimeControl "180+1"]
[EndTime "10:07:38 PDT"]
[Termination "Annawel won by resignation"]

1. e4 c5 2. Nf3 d6 3. d4 cxd4 4. Nxd4 Nf6 5. Nc3 a6 6. f3 e5 7. Nb3 Be6 8. Be3 h5 9. Nd5 Bxd5 10. exd5 Nbd7 11. Qd2 g6 12. Be2 Bg7 13. O-O O-O 14. c4 a5 15. Rac1 a4 16. Na1 b6 17.
Nc2 Re8 18. Nb4 Nc5 19. Rfe1 e4 20. Qc2 exf3 21. Bxf3 Ng4 22. Nc6 Qh4 23. Bxg4 hxg4 24. Bf2 Qg5 25. b4 axb3 26. axb3 f5 27. Bd4 g3 28.
hxg3 Qxg3 29. Rxe8+ Rxe8 30. Bxg7 Qe3+ 31. Kh1 Nd3 32.
Rf1 Kxg7 33. Qc3+ Kf7 34. Rf3 Qh6+ 35. Rh3 Nf2+ 36. Kg1 Nxh3+ 37. gxh3 Qe3+ 38. Qxe3 Rxe3 39. Nd4 Rxh3 40. Kf2 Rd3 41. Ne6 Rxb3 0-1

[Event "*** SCC Grand Prix: Titled Tuesday Blitz"]
[Site "Chess.com"]
[Date "2020.09.08"]
[Round "1"]
[White "mbojan"]
[Black "AsaHoffmann"]
[Result "1-0"]
[WhiteElo "2805"]
[BlackElo "2406"]
[TimeControl "180+1"]
[EndTime "10:07:38 PDT"]
[Termination "mbojan won by resignation"]

1. e4 d6 2. d4 c6 3. Nf3 Bg4 4.
Nbd2 Nf6 5. h3 Bh5 6. Be2 Nbd7 7. O-O e5 8. c3 Qc7 9. Re1 Be7 10. Qc2 O-O 11. Nf1 Rfe8 12. Ng3 Bg6 13. Bd3 Bf8 14. Bd2 a6 15. Nh4 d5 16. Nxg6 hxg6 17. dxe5 Nxe5 18.
Bf1 Nc4 19. Bxc4 dxc4 20. f4 b5 21. e5 Bc5+ 22. Kh2 Nd5 23. Ne4 Qb6 24. Rf1 Rad8 25. Rae1 Ne3 26. Bxe3 Bxe3 27. Qe2 Rd3 28. Qg4 Qd8 29.
Nd6 Re6 30. Ne4 Bb6 31. Ng5 Qd7 32. Nxe6 Qxe6 33. Qxe6 fxe6 34. Rd1 Be3 35. Rxd3 cxd3 36. Kg3 g5 37. fxg5 Bxg5 38. h4 Bh6 39. Kf3 c5 40. g4 g6 41. g5 Bg7 42. Ke4 c4 43. b3 Bf8 44. bxc4 bxc4 45. Kd4 Ba3 46. Kxc4 d2 47.
Kd3 Bc1 48. c4 Bb2 49. Kxd2 Bxe5 50. c5 Bg3 51. c6 1-0

[Event "*** SCC Grand Prix: Titled Tuesday Blitz"]
[Site "Chess.com"]
[Date "2020.09.08"]
[Round "1"]
[White "KubaGepard"]
[Black "almo64"]
[Result "0-1"]
[WhiteElo "2394"]
[BlackElo "2772"]
[TimeControl "180+1"]
[EndTime "10:07:38 PDT"]
[Termination "almo64 won by resignation"]

1. d4 d5 2. c4 e6 3. Nf3 Nf6 4. g3 Bb4+ 5. Bd2 Be7 6. Bg2 O-O 7. Qc2 Nbd7 8. O-O c6 9. Rd1 a5 10. b3 b6 11. Nc3 Ba6 12. Ne5 Nxe5 13. dxe5 Nd7 14.
f4 Rc8 15. Na4 b5 16. Nb2 a4 17. Rac1 a3 18. Nd3 bxc4 19. bxc4 Bxc4 20. e4 Qb6+ 21. Kh1 Rb8 22. Bc3 Qe3 23. Nf2 Bc5 24. Rd2 Bb4 25.
Bxb4 Rxb4 26. Ng4 Qb6 27. f5 Rb2 28. Qd1 Qb4 29. Rd4 Rxg2 30. Kxg2 Nb6 31. f6 h5 32. Nh6+ gxh6 33. Qxh5 Kh7 34. exd5 Qb2+ 35. Kh3 Qxd4 36. dxc6 Bd3 37. g4 Qe3+ 38. Kh4 Qf2+ 39. Kh3 Bf1+ 40. Rxf1 Qxf1+ 41. Kg3 Qe1+ 42. Kg2 Qe2+ 43. Kg3 Qe3+ 44. Kg2 Nd5 45. h4 Nf4+ 0-1

[Event "*** SCC Grand Prix: Titled Tuesday Blitz"]
[Site "Chess.com"]
[Date "2020.09.08"]
[Round "1"]
[White "elegant285"]
[Black "Jungle_Jaguar"]
[Result "0-1"]
[WhiteElo "2345"]
[BlackElo "2678"]
[TimeControl "180+1"]
[EndTime "10:07:38 PDT"]
[Termination "Jungle_Jaguar won by resignation"]

1. d4 Nf6 2. c4 g6 3. Nc3 Bg7 4. e4 d6 5. Be2 O-O 6. Bg5 c5 7. d5 Nbd7 8. Nf3 h6 9. Be3 Ng4 10. Bc1 Nde5 11. O-O e6 12. Bf4 Kh7 13. h3 Nxf3+ 14.
Bxf3 Ne5 15. Be2 Re8 16. Qd2 exd5 17. exd5 Bf5 18. Rfe1 Qh4 19. Bg3 Nxc4 20. Qc1 Qd4 21. Rd1 Nb6 22. Rxd4 cxd4 23. Nb5 Rxe2 24. Nxd6 Bc2 25. Qf1 d3 26. Re1 d2 27. Qxe2 dxe1=Q+ 28. Qxe1 Rd8 29. b3 Rd7 30. Qd2 Bb1 31. a4 Bf8 32. Ne8 Nxd5 33. Qa5 b6 34. Qb5 Bf5 35. Bb8 Be6 36. a5 Bc5 37. axb6 axb6 38. Bg3 Kg8 39. Qc6 Kf8 40. Nf6 Nxf6 41. Bf4 Kg7 42. Qc8 Rd1+ 43.
Kh2 Bxc8 44. g3 Bd6 0-1